 Dungeon Crawl Stone Soup version 0.29.1-2-gbd0b4ee654 (webtiles) character file.

Game seed: 7084235922811017715

196 jaham0 the Grave Robber (level 5, -6/35 HPs)
             Began as a Vampire Necromancer on Nov 28, 2022.
             Was a Follower of Uskayaw.
             Mangled by an ogre
             ... wielding a +0 giant club
              (25 damage)
             ... on level 4 of the Dungeon.
             The game lasted 00:27:56 (2665 turns).

jaham0 the Grave Robber (Vampire Necromancer)       Turns: 2665, Time: 00:27:57

Health: -6/35      AC:  2    Str:  7    XL:     5   Next: 45%
Magic:  1/10       EV: 12    Int: 20    God:    Uskayaw [*.....]
Gold:   211        SH:  0    Dex: 14    Spells: 9/10 levels left

rFire   . . .      SeeInvis +   d - +4 dagger
rCold   . . .      Faith    .   (no shield)
rNeg    . . .      Spirit   .   a - +0 robe
rPois   .          Reflect  .   (no helmet)
rElec   .          Harm     .   (no cloak)
rCorr   .          Rampage  .   (no gloves)
Will    +....                   (no boots)
Stlth   ++........              (no amulet)
HPRegen 0.31/turn               f - ring of willpower
MPRegen 0.12/turn               (no ring)

@: healing quickly
A: alive, fangs 3, see invisible, vampiric 2
a: Exsanguinate, Renounce Religion, Stomp


You were on level 4 of the Dungeon.
You worshipped Uskayaw.
Uskayaw was noncommittal.
You visited 1 branch of the dungeon, and saw 4 of its levels.

You collected 211 gold pieces.

Inventory:

Hand Weapons
 d - a +4 dagger (weapon)
 h - a +0 dagger of venom
Armour
 a - a +0 robe (worn)
Jewellery
 f - a ring of willpower (left hand)
Wands
 c - a wand of charming (5)
Scrolls
 j - a scroll of noise {unknown}
 k - a scroll of acquirement {unknown}
 l - a scroll of identify {unknown}
 m - a scroll of fear {unknown}
Potions
 b - a potion of attraction {unknown}
 e - a potion of invisibility {unknown}
 g - a potion of curing {unknown}
 i - a potion of lignification {unknown}


   Skills:
 + Level 2.6 Dodging
 + Level 3.2 Stealth
 + Level 0.1 Unarmed Combat
 + Level 3.4 Spellcasting
 + Level 6.3 Necromancy


You had 9 spell levels left.
You knew the following spells:

 Your Spells              Type           Power      Damage    Failure   Level
a - Necrotise             Necr           100%       1d9       1%          1

Your spell library contained the following spells:

 Spells                   Type           Power      Damage    Failure   Level
 Vampiric Draining        Necr           28%        2d8       3%          3
 Animate Dead             Necr           28%        N/A       10%         4
 Agony                    Necr           28%        N/A       28%         5


Dungeon Overview and Level Annotations

Branches:
Dungeon (4/15)
 Temple: D:4-7

Altars:
Makhleb
Uskayaw

Annotations:
D:4 2 transporters


Innate Abilities, Weirdness & Mutations

Your natural rate of healing is accelerated.
You have razor-sharp teeth.
You have supernaturally acute eyesight. (SInv)
You are afflicted with vampirism and can become a bat while bloodless.


Message History

Aim: an ogre, wielding a +0 giant club (lightly wounded, chance to affect: 83%)
The ogre writhes in agony.
Uskayaw prepares the audience for your solo!
The ogre is no longer paralysed.
Casting: Necrotise (safe; 1% risk of failure)
Confirm with . or Enter, or press ? or * to list all spells.
Aiming: Necrotise (safe; 1% risk of failure)
Press: ? - help, Shift-Dir - straight line, f/p - ogre
Aim: an ogre, wielding a +0 giant club (lightly wounded, chance to affect: 83%)
The ogre barely resists.
A hound comes into view.
Found a dagger.
You can no longer pass through a line of other dancers.
Casting: Necrotise (safe; 1% risk of failure)
Confirm with . or Enter, or press ? or * to list all spells.
Aiming: Necrotise (safe; 1% risk of failure)
Press: ? - help, Shift-Dir - straight line, f/p - ogre
Aim: an ogre, wielding a +0 giant club (lightly wounded, chance to affect: 83%)
The ogre writhes in agony.
Casting: Necrotise (safe; 1% risk of failure)
Confirm with . or Enter, or press ? or * to list all spells.
Aiming: Necrotise (safe; 1% risk of failure)
Press: ? - help, Shift-Dir - straight line, f/p - ogre
Aim: an ogre, wielding a +0 giant club (lightly wounded, chance to affect: 83%)
The ogre barely resists.
The ogre misses you. The ogre attacks as you move away!
The ogre hits you with a +0 giant club!!
Ouch! That really hurt!
You see here a +0 dagger.
Casting: Necrotise (safe; 1% risk of failure)
Confirm with . or Enter, or press ? or * to list all spells.
Aiming: Necrotise (safe; 1% risk of failure)
Press: ? - help, Shift-Dir - straight line, f/p - ogre
Aim: an ogre, wielding a +0 giant club (lightly wounded, chance to affect: 83%)
The ogre writhes in agony.
An adder comes into view.
The ogre attacks as you move away!
The ogre hits you with a +0 giant club!!
Ouch! That really hurt!
You die...

..#.# 8##.# ##..
.# ...# ### .# ..
.# # # #.#. #.#
#h. #... #.#
#..#####.########S
..#
........O@.......
###
#.#####)#########
..# ##.## #.#
#.#####...## #.#
.†.....#>#.###.#
#.###..........#
#.####.#.#.#####
#.........##
########.##


You could see an ogre and an adder (asleep).

Vanquished Creatures
  A scorpion (D:4)
  An orc wizard (D:2)
  A gnoll (D:3)
  2 adders
  A worm (D:3)
  4 orcs
  4 endoplasms
  3 giant cockroaches
  11 goblins
  9 hobgoblins
  2 jackals (D:2)
  4 kobolds
  5 quokkas
  3 ball pythons
  2 bats (D:1)
  6 frilled lizards
  8 rats
67 creatures vanquished.

Vanquished Creatures (collateral kills)
  An endoplasm (D:1)
  2 goblins (D:2)
3 creatures vanquished.

Grand Total: 70 creatures vanquished

Notes
Turn   | Place    | Note
-------+----------+-------------------------------------------
     0 | D:1      | jaham0 the Vampire Necromancer began the quest for the Orb.
     0 | D:1      | Reached XP level 1. HP: 13/13 MP: 3/3
     8 | D:1      | Noticed a redback
     8 | D:1      | Noticed a polar bear
     8 | D:1      | Noticed a rime drake
     8 | D:1      | Noticed a swamp worm
   191 | D:1      | Reached XP level 2. HP: 3/19 MP: 3/5
   529 | D:1      | Reached skill level 5 in Necromancy
   695 | D:2      | Found a faded altar of an unknown god.
   708 | D:2      | Gained mutation: You are afflicted with vampirism and can
                  | become a bat while bloodless. [Vampire growth]
   708 | D:2      | Reached XP level 3. HP: 24/24 MP: 2/6
   717 | D:2      | Prayed at the altar of an unknown god.
   717 | D:2      | Became a worshipper of Uskayaw the Reveller
   717 | D:2      | Reached * piety under Uskayaw
   725 | D:2      | Reached ** piety under Uskayaw
  1074 | D:2      | Reached XP level 4. HP: 30/30 MP: 6/8
  1977 | D:3      | Reached skill level 6 in Necromancy
  2578 | D:4      | Found a transporter.
  2578 | D:4      | Noticed a gnoll sergeant
  2585 | D:4      | Found a burning altar of Makhleb.
  2585 | D:4      | Found a transporter.
  2585 | D:4      | Noticed a gnoll sergeant
  2588 | D:4      | Noticed a bullfrog
  2606 | D:4      | Noticed an ogre
  2622 | D:4      | Noticed a scorpion
  2638 | D:4      | Killed a scorpion
  2638 | D:4      | Reached *** piety under Uskayaw
  2639 | D:4      | Reached XP level 5. HP: 35/35 MP: 5/10
  2665 | D:4      | Mangled by an ogre

Illustrated notes

Levels and vault maps discovered:
D:1:      onia_arrival_zoo_common, layout_basic, minmay_misc_feat_alley
D:2:      cheibrodos_greedy_goblins, layout_basic, ebering_ecumenical_altar_webs
D:3:      layout_loops_ring, minmay_puff
D:4:      layout_loops_ring, gammafunk_temple_overflow_arena,
          minmay_temple_entry_gardened_gates, uniq_crazy_yiuf_cottage

Skill      XL: |  1  2  3  4 |
---------------+-------------+-----
Necromancy     | 5 6 |  6.3
Spellcasting   | 3 |  3.4
Dodging        | |  2.6
Stealth        | |  3.2
Unarmed Combat | |  0.1

Action                   |  1- 3 |  4- 6 || total
-------------------------+-------+-------++-------
Melee: Unarmed           |    22 |       ||    22
       Bite              |     5 |     2 ||     7
       Dagger            |       |    15 ||    15
 Cast: Necrotise         |    55 |    57 ||   112
  Use: Potion            |     2 |       ||     2
       Scroll            |     3 |       ||     3
 Stab: Distracted        |     1 |       ||     1
Armor: Robe              |     5 |     4 ||     9
Dodge: Dodged            |    17 |    23 ||    40
